 Dungeon Crawl Stone Soup version 0.27-a0-1391-g48c30b3128 (webtiles) character file.

Game seed: 1852809253134982038

126 Brozuf the Changer (level 5, -5/46 HPs)
             Began as a Naga Transmuter on July 1, 2021.
             Slain by Sigmund (9 damage)
             ... on level 2 of the Dungeon.
             The game lasted 00:11:22 (4537 turns).

Brozuf the Changer (Naga Transmuter)                Turns: 4537, Time: 00:11:23

Health: -5/46      AC:  2    Str: 12    XL:     5   Next: 9%
Magic:  2/8        EV:  9    Int: 15    God:
Gold:   58         SH:  0    Dex: 11    Spells: 4/8 levels left

rFire    + . .     SeeInvis +     - Unarmed
rCold    x . .     Faith    .   (no shield)
rNeg     . . .     Spirit   .   a - +0 robe
rPois    +         Reflect  .   (helmet currently unavailable)
rElec    .         Harm     .   (no cloak)
rCorr    .         Rampage  .   (no gloves)
Will     .....                  (no barding)
Stlth    +.........             (no amulet)
HPRegen  0.15/turn              d - ring of fire
MPRegen  0.11/turn              (no ring)

@: confused, appendages (expiring), very slightly contaminated, very slow
A: horns 2, AC +1, large, see invisible, deformed body, poison resistance,
slowness 2, spit poison 1, naga tail 1
a: Spit Poison, End Transformation


You were on level 2 of the Dungeon.
You had temporarily grown beastly horns.
You visited 1 branch of the dungeon, and saw 2 of its levels.

You collected 58 gold pieces.

Inventory:

Hand Weapons
 k - a +0 hunting sling
   (You took it off a goblin on level 2 of the Dungeon)
Missiles
 c - 50 stones
Armour
 a - a +0 robe (worn)
 l - a +1 helmet (melded)
   (You took it off Robin on level 1 of the Dungeon)
Jewellery
 d - a ring of fire (left hand)
   (You found it on level 1 of the Dungeon)
Scrolls
 e - a scroll of identify {unknown}
 h - a scroll of enchant armour {unknown}
Potions
 b - a potion of lignification {unknown}
 f - a potion of resistance {unknown}
 g - a potion of attraction {unknown}
 i - a potion of haste {unknown}
 j - a potion of might {unknown}


   Skills:
 + Level 2.3 Fighting
 - Level 1.5 Dodging
 - Level 3.0 Unarmed Combat
 - Level 2.2 Spellcasting
 * Level 3.8 Transmutations
 + Level 2.2 Poison Magic


You had 4 spell levels left.
You knew the following spells:

 Your Spells              Type           Power      Damage    Failure   Level
a - Beastly Appendage     Tmut           26%        N/A       4%          1
x - Spider Form           Tmut/Pois      5%         N/A       19%         3

Your spell library contained the following spells:

 Spells                   Type           Power      Damage    Failure   Level
 Wereblood                Tmut           13%        N/A       7%          2
 Animate Skeleton         Necr           2%         N/A       22%         1
 Pain                     Necr           4%         1d4       22%         1
 Vampiric Draining        Necr           0%         2d6       54%         3
 Ice Form                 Ice/Tmut       7%         N/A       67%         4
 Animate Dead             Necr           0%         N/A       91%         4
 Agony                    Necr           1%         N/A       99%         5


Dungeon Overview and Level Annotations

Branches:
Dungeon (2/15)

Altars:
Nemelex Xobeh

Annotations:
D:2 Sigmund


Innate Abilities, Weirdness & Mutations

You have temporarily grown beastly horns.
Your serpentine skin is tough. (AC +1)
You have supernaturally acute eyesight. (SInv)
Armour fits poorly on your strangely shaped body.
Your system is resistant to poisons. (rPois)
You cover ground very slowly.
You can spit poison.
You have a snake-like lower body.


Message History

You miscast Spider Form.
Nothing appears to happen.
Casting: Spider Form (dangerous; 19% risk of failure)
You don't have enough magic to cast this spell.
Unknown command.
Casting: Spider Form (dangerous; 19% risk of failure)
You miscast Beastly Appendage.
Nothing appears to happen.
The bat hits you but does no damage. Sigmund barely misses you.
Casting: Beastly Appendage (safe; 4% risk of failure)
You grow a pair of large bovine horns.
Your +1 helmet melds into your body.
The bat closely misses you. Sigmund casts a spell at you.
The puff of flame hits you. You resist.
You barely miss Sigmund. You headbutt Sigmund, but do no damage.
The bat barely misses you. Sigmund closely misses you.
You hit Sigmund but do no damage. Your headbutt misses Sigmund.
The bat closely misses you.
Sigmund points at you and mumbles some strange words.
The puff of flame misses you. The bat barely misses you.
You barely miss Sigmund. You headbutt Sigmund!
The bat hits you but does no damage.
Sigmund casts a spell.
Sigmund flickers and vanishes for a moment.
You barely miss Sigmund. The bat barely misses you. Sigmund closely misses you.
Aim: Sigmund, wielding a +0 scythe and wearing a +0 robe (moderately wounded, slightly transparent)
The splash of poison misses Sigmund.
The bat closely misses you. Sigmund barely misses you.
You hit Sigmund but do no damage. Sigmund closely misses you.
You hit Sigmund. Your headbutt misses Sigmund. The bat barely misses you.
The bat hits you. Sigmund closely misses you.
You barely miss Sigmund. Your headbutt misses Sigmund.
You have got your breath back.
The bat hits you but does no damage. Sigmund hits you with a +0 scythe!
You hit Sigmund but do no damage. Your headbutt misses Sigmund.
The bat hits you.
You hit Sigmund. Sigmund misses you. The bat closely misses you.
You hit Sigmund but do no damage. You headbutt Sigmund. The bat hits you.
Sigmund hits you with a +0 scythe!
* * * LOW HITPOINT WARNING * * *
You hit Sigmund. You headbutt Sigmund. The bat hits you but does no damage. x2
Sigmund hits you with a +0 scythe!
* * * LOW HITPOINT WARNING * * *
Unknown command.
You hit Sigmund. The bat hits you.
* * * LOW HITPOINT WARNING * * *
Sigmund casts a spell at you.
You are confused.
You barely miss Sigmund.
Your transformation is almost over.
Sigmund hits you with a +0 scythe!
You die...

.# #..# #######.#######
.....
..............###.......
######..#####...........
######..# ######.....#
........# #...##..>..#
#######.# #...#.......
#.# #...#@......
#†#####...@b......
####.........##.....#
#......###...# ...##
.....####...##### ###
.### ###.# #.# #.# ###


You could see Sigmund (invisible) and a bat.

Vanquished Creatures
  Jessica (D:2)
  Robin (D:1)
  2 adders (D:2)
  An adder skeleton (D:2)
  A dart slug (D:1)
  2 ball pythons (D:1)
  6 bats
  4 endoplasms
  3 giant cockroaches (D:2)
  8 goblins
  7 hobgoblins
  10 jackals
  A quokka (D:2)
  3 frilled lizards
  3 kobolds
  4 rats
57 creatures vanquished.

Notes
Turn   | Place    | Note
-------+----------+-------------------------------------------
     0 | D:1      | Brozuf the Naga Transmuter began the quest for the Orb.
     0 | D:1      | Reached XP level 1. HP: 18/18 MP: 3/3
   229 | D:1      | Reached XP level 2. HP: 20/25 MP: 3/5
  1057 | D:1      | Reached XP level 3. HP: 5/31 MP: 6/6
  1307 | D:1      | Learned a level 3 spell: Spider Form
  2228 | D:2      | Noticed Jessica
  2403 | D:2      | Killed Jessica
  2404 | D:2      | Reached skill level 1 in Poison Magic
  2404 | D:2      | Reached XP level 4. HP: 24/39 MP: 5/7
  2712 | D:2      | Found a sparkling altar of Nemelex Xobeh.
  3107 | D:2      | Found a faded altar of an unknown god.
  3417 | D:2      | Noticed Robin
  3782 | D:1      | Killed Robin
  3783 | D:1      | Reached XP level 5. HP: 4/46 MP: 8/8
  4183 | D:2      | Noticed Sigmund
  4537 | D:2      | Slain by Sigmund

Illustrated notes

Levels and vault maps discovered:
D:1:      mushboom_english_gardens, layout_basic, nrook_mini_vaults,
          minivault_25, kennysheep_small_spiral
D:2:      layout_rooms, basic_altar, hellmonk_ecumenical_altar_run_dry,
          uniq_sigmund, uniq_jessica, uniq_robin

Skill      XL: |  1  2  3  4 |
---------------+-------------+-----
Transmutations | 3 |  3.8
Fighting       | 2 |  2.3
Poison Magic   | 1 2 |  2.2
Dodging        | |  1.5
Unarmed Combat | |  3.0
Spellcasting   | |  2.2

Action                   |  1- 3 |  4- 6 || total
-------------------------+-------+-------++-------
Melee: Unarmed           |   111 |   119 ||   230
       Headbutt          |    13 |    13 ||    26
       Punch             |     1 |       ||     1
 Cast: Beastly Appendage |    28 |    19 ||    47
 Abil: Spit Poison       |     6 |     4 ||    10
Armor: Robe              |    25 |    36 ||    61
Dodge: Dodged            |    61 |    68 ||   129

Table legend: (Time is in decaauts)
 A = Elapsed time spent in this place.
 B = Non-inter-level travel time spent in this place.
 C = Inter-level travel time spent in this place.
 D = Time resting spent in this place.
 E = Time spent auto-exploring this place.
 F = Levels seen in this place.
 G = Mean time per level.
                   A        B        C        D        E       F      G
               +--------+--------+--------+--------+--------+-----+--------+
         Total |   5250 |   4791 |    459 |   2080 |   1399 |   2 | 2625.0 |
       Dungeon |   5250 |   4791 |    459 |   2080 |   1399 |   2 | 2625.0 |
               +--------+--------+--------+--------+--------+-----+--------+

Top non-repeatable levels by time:
     D:1: 3523 daAuts
     D:2: 1727 daAuts
